 Dungeon Crawl Stone Soup version 0.16.0-16-g311141a (webtiles) character file.

1669 SKei0 the Basher (level 9, -3/54 HPs)
             Began as a Gargoyle Fighter on Mar 19, 2015.
             Killed by divine providence
             ... invoked by an orc priest
              (11 damage)
             ... on level 6 of the Dungeon on Mar 20, 2015.
             The game lasted 00:18:22 (4733 turns).

SKei0 the Basher (Gargoyle Fighter)                 Turns: 4733, Time: 00:18:22

Health: -3/54      AC: 17    Str: 28      XL:     9   Next: 1%
Magic:  9/9        EV:  5    Int:  9      God:
Gold:   234        SH:  9    Dex:  8 (11) Spells: 0 memorised, 8 levels left

rFire  . . .     SeeInvis .     a - +0 flail
rCold  . . .     Clarity  .     l - +0 plate armour
rNeg   + . .     SustAb   .     c - +0 shield
rPois  ∞         Gourm    .     (no helmet)
rElec  +         Spirit   .     (no cloak)
rCorr  .         Warding  .     (no gloves)
rMut   .         Stasis   .     (no boots)
MR     .....                    (no amulet)
Stlth  ..........               I - +2 ring of dexterity
                                k - ring of wizardry

@: mighty, not resistant to hostile enchantments, extremely unstealthy
A: negative energy resistance 1, electricity resistance, unbreathing,
petrification resistance, rot immunity, AC +5
a: no special abilities


You were on level 6 of the Dungeon.
You were not hungry.

You visited 1 branch of the dungeon, and saw 6 of its levels.

You collected 234 gold pieces.

Inventory:

Hand weapons
 a - a +0 flail (weapon)
Armour
 b - a +0 scale mail
 c - a +0 shield (worn)
 l - a +0 plate armour (worn)
Jewellery
 k - a ring of wizardry (left hand)
 p - an uncursed ring of poison resistance
 w - an uncursed ring of ice
 I - a +2 ring of dexterity (right hand)
Magical devices
 q - a wand of enslavement (0)
 F - a wand of paralysis (12)
Scrolls
 f - 3 scrolls of recharging {unknown}
 g - 7 scrolls of identify {unknown}
 h - 3 scrolls of enchant armour {unknown}
 i - a scroll of amnesia {unknown}
 o - a scroll of enchant weapon {unknown}
 s - 2 scrolls of fear {unknown}
 x - 2 scrolls of magic mapping {unknown}
 y - 2 scrolls of teleportation {unknown}
 z - 2 scrolls of random uselessness {unknown}
 A - 2 scrolls of fog {unknown}
 B - a scroll of blinking {unknown}
 E - a scroll of remove curse {unknown}
Potions
 e - a potion of might
 j - a potion of haste {unknown}
 m - 2 potions of magic {unknown}
 n - 3 potions of heal wounds {unknown}
 r - 2 potions of restore abilities {unknown}
 u - 4 potions of curing {unknown}
 v - a potion of agility {unknown}
 C - a potion of lignification {unknown}
 D - a potion of mutation {unknown}
Comestibles
 d - 7 bread rations
 t - a beef jerky
 G - 2 chunks of flesh
 H - a meat ration


   Skills:
 + Level 5.0 Fighting
 - Level 10.0 Maces & Flails
 + Level 5.2 Armour
 - Level 3.2 Shields


You had 8 spell levels left.
You didn't know any spells.

Dungeon Overview and Level Annotations

Branches:
Dungeon (6/15)
 Temple: D:4-7

Altars:


Innate Abilities, Weirdness & Mutations

You are resistant to torment.
You are immune to poison.
Your stone body is very resilient (AC +5).
You resist negative energy.
You are resistant to electric shocks.
You can survive without breathing.
You are immune to petrification.
You are immune to rotting.


Message History

You feel very mighty all of a sudden. The goblin hits you.
* * * LOW HITPOINT WARNING * * *
You block the orc's attack.
You sock the goliath beetle!!
You kill the goliath beetle!
Your Fighting skill increases to level 5!
You have reached level 9!
Your experience leads to an increase in your attributes!
Your base attributes are Str 22, Int 9, Dex 9.
Increase (S)trength, (I)ntelligence, or (D)exterity?
You feel stronger. You block the goblin's attack. You block the orc's attack.
You thump the orc!!
You kill the orc!
The goblin hits you but does no damage. The orc hits you.
* * * LOW HITPOINT WARNING * * *
The orc priest calls down the wrath of Beogh upon you.
Something smites you!
You die...

## . #.
#####.###############
#...................##
#.(............#
#.#(###########..##
#.go@o..# #^..###
.$......###.# #......
......... ####...#.#
........# #........#
?..#...# #.##.#####
.##...# #.##.# ....#
#.##.##### ....#
..##...... #
##########


You could see an orc priest, an orc and a goblin.

Vanquished Creatures
  The ghost of BLOAX the Insei, an experienced TeMo (D:4)
  Eustachio (D:4)
  An orc warrior (D:6)
  2 ice beasts
  A sky beast (D:5)
  An ogre (D:4)
  Sigmund (D:2)
  A giant frog (D:6)
  2 goliath beetles (D:6)
  2 hounds
  An orc priest (D:4)
  5 worker ants
  2 giant frog skeletons
  4 orc wizards
  Ijyb (D:2)
  Jessica (D:2)
  A hound zombie (D:6)
  Terence (D:3)
  Robin (D:2)
  8 gnolls
  8 adders
  2 river rats (D:4)
  A worm (D:2)
  An ooze (D:3)
  12 orcs
  5 ball pythons
  5 bats
  3 giant cockroaches (D:1)
  18 goblins
  17 hobgoblins
  6 jackals
  A ball python skeleton (D:5)
  5 giant geckos
  A giant gecko skeleton (D:5)
  7 giant newts
  8 kobolds
  A quokka (D:4)
  7 rats
146 creatures vanquished.

Notes
Turn   | Place    | Note
--------------------------------------------------------------
     0 | D:1      | SKei0, the Gargoyle Fighter, began the quest for the Orb.
     0 | D:1      | Reached XP level 1. HP: 14/14 MP: 1/1
   117 | D:1      | Reached XP level 2. HP: 16/19 MP: 2/2
   744 | D:2      | Noticed Robin
   761 | D:2      | Killed Robin
   761 | D:2      | Reached XP level 3. HP: 18/23 MP: 3/3
   820 | D:2      | Noticed Jessica
   839 | D:2      | Reached skill level 4 in Maces & Flails
   860 | D:2      | Killed Jessica
   860 | D:2      | Reached XP level 4. HP: 6/28 MP: 4/4
  1145 | D:2      | Noticed Ijyb
  1160 | D:2      | Killed Ijyb
  1186 | D:2      | Noticed Sigmund
  1193 | D:2      | Killed Sigmund
  1193 | D:2      | Reached skill level 5 in Maces & Flails
  1193 | D:2      | Reached XP level 5. HP: 26/32 MP: 5/5
  1740 | D:3      | Reached skill level 6 in Maces & Flails
  1740 | D:3      | Reached XP level 6. HP: 35/37 MP: 6/6
  1811 | D:3      | Noticed Terence
  1817 | D:3      | Killed Terence
  2630 | D:4      | Reached skill level 7 in Maces & Flails
  2689 | D:4      | Reached XP level 7. HP: 41/41 MP: 7/7
  2861 | D:4      | Noticed BLOAX's ghost (experienced TeMo)
  2878 | D:4      | Killed BLOAX's ghost
  2878 | D:4      | Reached skill level 8 in Maces & Flails
  3116 | D:5      | Entered Level 5 of the Dungeon
  3117 | D:5      | Noticed Eustachio
  3172 | D:4      | Killed Eustachio
  3172 | D:4      | Reached skill level 9 in Maces & Flails
  3172 | D:4      | Reached XP level 8. HP: 16/46 MP: 8/8
  4060 | D:5      | Reached skill level 10 in Maces & Flails
  4300 | D:6      | Got a vibrating bronze amulet
  4304 | D:6      | Identified the amulet of Xeal {rCorr Str-5 SInv Stlth+} (You found it on level 6 of the Dungeon)
  4705 | D:6      | Reached skill level 5 in Armour
  4731 | D:6      | Reached skill level 5 in Fighting
  4731 | D:6      | Reached XP level 9. HP: 8/54 MP: 9/9
  4733 | D:6      | Killed from afar by an orc priest

Action                   |  1- 3 |  4- 6 |  7- 9 || total
-------------------------+-------+-------+-------++-------
Melee: Flail             |    79 |   188 |   227 ||   494
  Use: Potion            |       |       |     2 ||     2
  Eat: Chunk             |       |     6 |     7 ||    13
